 Dungeon Crawl Stone Soup version 0.23.2-1-ga50397a6bc (webtiles) character file.

Game seed: 10073481063064129456

884 Peloso the Slasher (level 7, -3/61 HPs)
             Began as a Minotaur Fighter on Apr 22, 2019.
             Was an Initiate of Okawaru.
             Slain by Duvessa
             ... wielding a +4 rapier of draining
              (13 damage)
             ... on level 6 of the Dungeon.
             The game lasted 00:08:20 (3761 turns).

Peloso the Slasher (Minotaur Fighter)               Turns: 3761, Time: 00:08:20

Health: -3/61      AC: 11    Str: 21      XL:     7   Next: 76%
Magic:  6/6        EV:  3    Int:  5      God:    Okawaru [......]
Gold:   257        SH:  9    Dex: 13 (14) Spells: 6/6 levels left

rFire    . . .     SeeInvis .   a - +0 long sword
rCold    . . .     Gourm    .   c - +0 shield
rNeg     . . .     Faith    .   l - +0 plate armour
rPois    .         Spirit   .   (helmet restricted)
rElec    .         Reflect  .   (no cloak)
rCorr    .         Harm     .   (no gloves)
MR       .....                  (no boots)
Stlth    ..........             h - amulet of magic regeneration
HPRegen  0.20/turn              j - +3 ring of dexterity
MPRegen  0.35/turn              (no ring)

@: glowing, heavily drained
A: retaliatory headbutt, horns 2
a: Renounce Religion


You were on level 6 of the Dungeon.
You worshipped Okawaru.
Okawaru was noncommittal.
You were hungry.

You visited 1 branch of the dungeon, and saw 6 of its levels.

You collected 257 gold pieces.

Inventory:

Hand Weapons
 a - a +0 long sword (weapon)
Armour
 b - a +0 scale mail
 c - a +0 shield (worn)
 l - a +0 plate armour (worn)
Jewellery
 h - an amulet of magic regeneration (around neck)
 j - a +3 ring of dexterity (left hand)
Wands
 u - a wand of paralysis (3)
 v - a wand of random effects (25)
Scrolls
 g - a scroll of fear
 m - a scroll of teleportation {unknown}
 q - 3 scrolls of enchant weapon {unknown}
 r - a scroll of fog {unknown}
 s - 2 scrolls of magic mapping
 t - 4 scrolls of remove curse
 w - a scroll of blinking {unknown}
Potions
 d - a potion of berserk rage {unknown}
 e - a potion of haste
 n - a potion of degeneration
 p - 2 potions of brilliance {unknown}
 x - a potion of cancellation {unknown}
 z - a potion of mutation {unknown}
Comestibles
 f - 9 rations


   Skills:
 + Level 5.6(2.7) Fighting
 + Level 6.8(3.8) Long Blades
 + Level 6.1(3.1) Armour
 + Level 0.4(0.0) Dodging
 + Level 0.8(0.0) Stealth
 + Level 6.1(3.2) Shields


You had 6 spell levels left.
You didn't know any spells.
Your spell library contained the following spells:

 Spells                   Type           Power        Failure   Level  Hunger
 Animate Skeleton         Necr           N/A          100%        1    ##.....
 Apportation              Tloc           #.....       100%        1    ##.....
 Confusing Touch          Hex            #.....       100%        1    ##.....
 Summon Small Mammal      Summ           #...         100%        1    ##.....
 Confuse                  Hex            #.......     100%        3    ####...
 Gell's Gravitas          Tloc           #.........   100%        3    ####...
 Petrify                  Tmut/Erth      #.......     100%        4    #####..
 Metabolic Englaciation   Hex/Ice        #.........   100%        5    ######.
 Yara's Violent Unravell  Hex/Tmut       #.........   100%        5    ######.


Dungeon Overview and Level Annotations

Branches:
Dungeon (6/15)
 Temple: D:4-7

Altars:
Cheibriados
Elyvilon
Hepliaklqana
Kikubaaqudgha
Okawaru
Ru

Shops:
D:4 :

Annotations:
D:5 2 transporters, Wolfsmond's ghost, novice TrFi
D:6 Duvessa


Innate Abilities, Weirdness & Mutations

You reflexively headbutt those who attack you in melee.
You have a pair of horns on your head.


Message History

Duvessa hits you with a +4 rapier of draining.
You feel drained.
You slash Duvessa!
Duvessa is severely wounded.
Duvessa hits you with a +4 rapier of draining.
You feel drained.
You hit Duvessa but do no damage. You headbutt Duvessa.
Duvessa is severely wounded.
Duvessa hits you but does no damage.
You feel drained.
Duvessa hits you with a +4 rapier of draining!
* * * LOW HITPOINT WARNING * * *
You feel drained.
* * * LOW HITPOINT WARNING * * *
You hit Duvessa but do no damage.
Duvessa is severely wounded.
Duvessa barely misses you.
You riposte.
You hit Duvessa but do no damage. You headbutt Duvessa.
Duvessa is severely wounded.
Duvessa hits you with a +4 rapier of draining!
You die...

... #.... #....
#.#.# ##.#.##
..... .
#######(#.###%#..
........#@.......
........)e.##.##.
######.......#
#.....##.####
#)....# .#
#.....# ..
.....<.# #.#
.........# ..
.........# .#


You could see Duvessa (berserk).

Vanquished Creatures
  Grinder (D:3)
  Dowan (D:6)
  A howler monkey (D:4)
  A hound (D:5)
  5 orc priests
  A centaur skeleton (D:4)
  Ijyb (D:3)
  Natasha (thrice) (D:2)
  2 orc wizards
  2 worker ants (D:5)
  A hound skeleton (D:4)
  7 adders
  3 oozes
  A worm (D:5)
  A dart slug (D:1)
  4 leopard geckos
  15 orcs
  A giant cockroach (D:1)
  7 goblins
  8 hobgoblins
  12 jackals
  3 kobolds
  8 quokkas
  A ball python (D:2)
  6 bats
  7 frilled lizards
  7 rats
  A plant (D:2)
111 creatures vanquished.

Notes
Turn   | Place    | Note
-------+----------+-------------------------------------------
     0 | D:1      | Peloso the Minotaur Fighter began the quest for the Orb.
     0 | D:1      | Reached XP level 1. HP: 19/19 MP: 0/0
    72 | D:1      | Reached XP level 2. HP: 20/27 MP: 1/1
   330 | D:2      | Reached XP level 3. HP: 33/33 MP: 2/2
   437 | D:2      | Noticed Natasha
   442 | D:2      | Killed Natasha
   716 | D:2      | Found an ancient bone altar of Kikubaaqudgha.
   754 | D:2      | Noticed Natasha
   761 | D:2      | Killed Natasha
   761 | D:2      | Reached XP level 4. HP: 41/41 MP: 3/3
  1100 | D:2      | Noticed Natasha
  1106 | D:2      | Killed Natasha
  1106 | D:2      | Reached XP level 5. HP: 36/47 MP: 4/4
  1734 | D:3      | Found a hazy altar of Hepliaklqana.
  1757 | D:3      | Noticed Ijyb
  1779 | D:3      | Killed Ijyb
  1779 | D:3      | Reached skill level 5 in Fighting
  1789 | D:3      | Reached XP level 6. HP: 39/56 MP: 5/5
  1819 | D:3      | Reached skill level 5 in Armour
  2010 | D:3      | Reached skill level 5 in Shields
  2019 | D:3      | Reached skill level 5 in Long Blades
  2282 | D:3      | Noticed Grinder
  2284 | D:3      | Paralysed by Grinder for 6 turns
  2296 | D:3      | Paralysed by Grinder for 5 turns
  2301 | D:3      | Killed Grinder
  2301 | D:3      | Reached XP level 7. HP: 46/61 MP: 6/6
  2593 | D:4      | Found Gecvu's Book Shop.
  2613 | D:4      | HP: 3/61 [orc priest/divine providence (8)]
  3071 | D:4      | Found a sacrificial altar of Ru.
  3143 | D:5      | Entered Level 5 of the Dungeon
  3194 | D:5      | Found a snail-covered altar of Cheibriados.
  3303 | D:5      | Found a white marble altar of Elyvilon.
  3333 | D:5      | Found a transporter.
  3346 | D:5      | Found a transporter.
  3347 | D:5      | Noticed Wolfsmond's ghost (novice TrFi)
  3656 | D:5      | Found an iron altar of Okawaru.
  3665 | D:5      | Became a worshipper of Warmaster Okawaru
  3739 | D:6      | Noticed Dowan
  3741 | D:6      | Noticed Duvessa
  3755 | D:6      | Killed Dowan
  3761 | D:6      | Slain by Duvessa

Skill      XL: |  1  2  3  4  5  6  7 |
---------------+----------------------+-----
Armour         | 4 5 6 |  6.1
Fighting       | 4 5 |  5.6
Shields        | 4 5 6 |  6.1
Long Blades    | 3 4 5 6 |  6.8
Dodging        | |  0.4
Stealth        | |  0.8

Action                   |  1- 3 |  4- 6 |  7- 9 || total
-------------------------+-------+-------+-------++-------
Melee: Long sword        |    67 |   128 |   105 ||   300
       Headbutt          |    12 |    33 |    21 ||    66
  Use: Potion            |       |     1 |     4 ||     5
       Scroll            |       |       |     7 ||     7
  Eat: Chunk             |       |     5 |     4 ||     9
Armor: Scale mail        |    23 |       |       ||    23
       Plate armour      |    23 |    67 |    60 ||   150
Dodge: Dodged            |    20 |    24 |    19 ||    63
Block: Shield            |    37 |    69 |    55 ||   161
       Rpst.: Long sword |    10 |     5 |     7 ||    22
